 Dungeon Crawl Stone Soup version 0.26.1-10-gdfb7c7de75 (webtiles) character file.

Game seed: 7042698038228013610

40 infcreate the Sneak (level 3, 20/20 HPs)
             Began as a Vampire Enchanter on Apr 9, 2021.
             Quit the game on level 2 of the Dungeon.
             The game lasted 00:05:09 (1096 turns).

infcreate the Sneak (Vampire Enchanter)             Turns: 1096, Time: 00:05:10

Health: 20/20      AC:  6    Str:  7    XL:     3   Next: 30%
Magic:  6/6        EV: 13    Int: 17    God:
Gold:   89         SH:  0    Dex: 15    Spells: 3/6 levels left

rFire    . . .     SeeInvis +   f - +3 dagger (venom)
rCold    + + .     Faith    .   (no shield)
rNeg     + + +     Spirit   .   b - +0 robe
rPois    ∞         Reflect  .   (no helmet)
rElec    .         Harm     .   (no cloak)
rCorr    .         Rampage  .   (no gloves)
Will     .....                  (no boots)
Stlth    +++++.....             (no amulet)
HPRegen  0.06/turn              O - +4 ring of protection (curse)
MPRegen  0.10/turn              (no ring)

@: bloodless
A: fangs 3, see invisible, unbreathing
a: Bat Form, Revivify


You were on level 2 of the Dungeon.
You visited 1 branch of the dungeon, and saw 2 of its levels.

You collected 89 gold pieces.


Innate Abilities, Weirdness & Mutations

You do not regenerate when monsters are visible.
You are frail without blood (-20% HP).
You can heal yourself when you bite living creatures.
You are immune to poison.
You have razor-sharp teeth.
You have supernaturally acute eyesight. (SInv)
You can survive without breathing.


   Skills:
 + Level 0.6 Fighting
 * Level 1.9 Short Blades
 * Level 2.6 Dodging
 * Level 4.9 Stealth
 + Level 2.1 Spellcasting
 * Level 4.9 Hexes


You had 3 spell levels left.
You knew the following spells:

 Your Spells              Type           Power        Failure   Level
c - Corona                Hex            20%          2%          1
e - Ensorcelled Hibernat  Hex/Ice        20%          11%         2

Your spell library contained the following spells:

 Spells                   Type           Power        Failure   Level
 Confusing Touch          Hex            18%          8%          3
 Tukima's Dance           Hex            18%          8%          3
 Dazzling Flash           Conj/Hex       20%          22%         3

Inventory:

Hand Weapons
 f - a +3 dagger of venom (weapon)
Armour
 b - a +0 robe (worn)
Jewellery
 e - an uncursed ring of magical power {unknown}
 m - a +6 ring of strength {unknown}
 O - a cursed +4 ring of protection (left hand)
Scrolls
 a - a scroll of enchant weapon {unknown}
 c - a scroll of blinking {unknown}
 g - 3 scrolls of identify {@r1}
 k - a scroll of enchant armour {unknown}
Potions
 d - a potion of lignification {unknown}
 h - 2 potions of brilliance {unknown}
 i - 3 potions of curing {unknown}
 j - a potion of mutation {unknown}
 l - 3 potions of attraction {unknown}

Dungeon Overview and Level Annotations

Branches:
Dungeon (2/15)

Altars:

##### ..).# ###.#
..#.##### ###########
........###.........##
..#.###.........@.>..#
.##.#
####......###.#.#
.##.# ##........# #
....# #<.#.####.#. ###
.#### #....†.....#
##.## .. .# ###
##.#.......# ##...## .
.###.##
#+#######.###.....## .
......#
#.<.#.......###
####.##
#............##


There were no monsters in sight!


Message History

Aim: a worm (chance to affect: 50%)
The worm looks drowsy...
The helpless worm fails to defend itself.
You impale the worm!!
You kill the worm!
Found 12 gold pieces.
You now have 76 gold pieces (gained 12).
Found a pink potion.
Found 13 gold pieces.
l - 3 pink potions (gained 1)
You now have 89 gold pieces (gained 13).
Found a stone staircase leading up.
A goblin comes into view.
The helpless goblin fails to defend itself.
You bite the goblin, and draw its blood!
You impale the goblin!!
You kill the goblin!
Found an onyx ring.
Found a stone staircase leading up.
m - an onyx ring
Found a dagger.
You see here a dagger.
A giant cockroach comes into view.
A giant cockroach is nearby!
Found an escape hatch in the ceiling.
Found an escape hatch in the floor.
The helpless giant cockroach fails to defend itself.
You impale the giant cockroach!!
You kill the giant cockroach!
Are you sure you want to abandon this character and quit the game? (Confirm with "yes".)

Action                   || total
-------------------------++-------
Melee: Dagger            ||    39
       Bite              ||     2
 Cast: Corona            ||     4
       Ensorcelled Hiber ||     1
 Abil: Exsanguinate      ||     1
  Use: Scroll            ||     1
 Stab: Sleeping          ||    20
Armor: Robe              ||     2
Dodge: Dodged            ||    17

Levels and vault maps discovered:
D:1:      nicolae_arrival_memento_mori, layout_loops_ring, serial_glass,
          glass_columns_b, glass_columns_b, st_stairs_8, minmay_tromino_mix6
D:2:      minmay_door_path, layout_loops_corners, lemuel_doored_altar,
          serial_glass, glass_columns_a, glass_columns_b

Notes
Turn   | Place    | Note
-------+----------+-------------------------------------------
     0 | D:1      | infcreate the Vampire Enchanter began the quest for the
                  | Orb.
     0 | D:1      | Reached XP level 1. HP: 13/13 MP: 3/3
   143 | D:1      | Reached XP level 2. HP: 14/15 MP: 3/5
   165 | D:1      | Learned a level 2 spell: Ensorcelled Hibernation
   803 | D:2      | Reached XP level 3. HP: 20/20 MP: 6/6
  1096 | D:2      | Quit the game

Vanquished Creatures
  2 worms (D:2)
  3 dart slugs
  A bat (D:1)
  4 giant cockroaches
  8 goblins
  A hobgoblin (D:1)
  A jackal (D:2)
  A frilled lizard (D:1)
  3 kobolds
  2 rats (D:1)
26 creatures vanquished.

Table legend: (Time is in decaauts)
 A = Elapsed time spent in this place.
 B = Non-inter-level travel time spent in this place.
 C = Inter-level travel time spent in this place.
 D = Time resting spent in this place.
 E = Time spent auto-exploring this place.
 F = Levels seen in this place.
 G = Mean time per level.
                   A        B        C        D        E       F      G
               +--------+--------+--------+--------+--------+-----+--------+
         Total |   1091 |   1018 |     73 |     91 |     99 |   2 |  545.5 |
       Dungeon |   1091 |   1018 |     73 |     91 |     99 |   2 |  545.5 |
               +--------+--------+--------+--------+--------+-----+--------+

Top non-repeatable levels by time:
     D:1: 615 daAuts
     D:2: 475 daAuts

Table legend:
 A = Non-vault XP
 B = Vault XP
 C = Vault XP percentage of total XP
 D = Non-vault monster count
 E = Vault monster count
 F = Vault count percentage of total count
                 A         B        C        D         E       F
            +---------+---------+-------+---------+---------+-------
      Total |      43 |      15 |  25.9 |      18 |       8 |  30.8
            +---------+---------+-------+---------+---------+-------
        D:1 |      23 |       9 |  28.1 |      11 |       5 |  31.2
        D:2 |      20 |       6 |  23.1 |       7 |       3 |  30.0
            +---------+---------+-------+---------+---------+-------
